 Dungeon Crawl Stone Soup version 0.19.4-10-g532645f (webtiles) character file.

2083 dynamoDes the Fighter (level 9, -2/86 HPs)
             Began as a Minotaur Fighter on Feb 23, 2017.
             Was a Follower of Okawaru.
             Slain by a worker ant (7 damage)
             ... on level 8 of the Dungeon on Feb 25, 2017.
             The game lasted 00:26:46 (6722 turns).

dynamoDes the Fighter (Minotaur Fighter)            Turns: 6722, Time: 00:26:47

Health: -2/86      AC:  7    Str: 25    XL:     9   Next: 6%
Magic:  8/8        EV:  8    Int: 10    God:    Okawaru [*.....]
Gold:   427        SH: 10    Dex: 14    Spells: 0 memorised, 8 levels left

rFire  . . .     SeeInvis .     a - +1 war axe (chop)
rCold  . . .     Gourm    .     r - +0 leather armour of the Equator {rPois Str+4 Int+4 Dex+2} (curse)
rNeg   . . .     Faith    .     c - +0 shield
rPois  +         Spirit   .     (helmet restricted)
rElec  .         Reflect  .     A - +0 cloak
rCorr  .         Harm     .     g - +0 pair of gloves
MR     .....                    z - +0 pair of boots {Fly}
Stlth  +.........               (no amulet)
                                (no ring)
                                n - ring of poison resistance

@: lethally poisoned (-2 -> -4), flying, drained
A: retaliatory headbutt, horns 2
a: Heroism, Renounce Religion, Stop Flying


You were on level 8 of the Dungeon.
You worshipped Okawaru.
Okawaru was aware of your devotion.
You were not hungry.

You visited 2 branches of the dungeon, and saw 9 of its levels.

You collected 427 gold pieces.

Inventory:

Hand Weapons
 a - a +1 war axe of chopping (weapon)
 b - a +0 blowgun
 p - a +0 vampiric war axe
 C - a +0 battleaxe
Missiles
 h - 84 poisoned needles
 l - a throwing net
 m - 10 tomahawks (quivered)
 x - 3 needles of sleeping
Armour
 c - a +0 shield (worn)
 g - a +0 pair of gloves (worn)
 r - the cursed +0 leather armour of the Equator (worn) {rPois Str+4 Int+4 Dex+2}
   (You found it on level 8 of the Dungeon)

   It affects your strength (+4).
   It affects your intelligence (+4).
   It affects your dexterity (+2).
   It protects you from poison.
   It has a curse placed upon it.
 z - a +0 pair of boots of flying (worn)
 A - a +0 cloak (worn)
 D - a +0 chain mail
Jewellery
 n - a ring of poison resistance (left hand)
Wands
 t - a wand of iceblast (0/15)
 v - a wand of flame (11/48)
Scrolls
 o - 3 scrolls of identify
 u - 3 scrolls of remove curse
 w - 2 scrolls of fog
Potions
 d - 6 potions of might
 e - a potion of mutation
 i - 3 potions of flight
 s - a potion of berserk rage {unknown}
Comestibles
 f - 2 bread rations
 j - 2 beef jerkies
 k - 2 royal jellies
 q - 10 chunks of flesh


   Skills:
 * Level 10.7(9.8) Fighting
 + Level 7.2(6.3) Axes
 + Level 8.1(7.2) Armour
 - Level 3.6(2.8) Shields


You had 8 spell levels left.
You didn't know any spells.

Dungeon Overview and Level Annotations

Branches:
Dungeon (8/15)             Temple (1/1) D:6
   Lair: D:8-11

Altars:
Cheibriados
Dithmenos
Elyvilon
Hepliaklqana
Kikubaaqudgha
Makhleb
Nemelex Xobeh
Okawaru
Qazlal
Ru
Sif Muna
Uskayaw
Vehumet
Xom
Yredelemnul
Zin
The Shining One

Shops:
D:7 =

Annotations:
D:7 4 runed doors


Innate Abilities, Weirdness & Mutations

You reflexively headbutt those who attack you in melee.
You have a pair of horns on your head.


Message History

You see here a runed leather armour.
You block the killer bee's attack.
The killer bee stings you but does no damage.
You block the killer bee's attack. The killer bee stings you.
* * * LOW HITPOINT WARNING * * *
You are poisoned.
The killer bee poisons you!
You feel sick. You block the killer bee's attack.
You feel sick. The killer bee stings you.
* * * LOW HITPOINT WARNING * * *
You block the killer bee's attack.
You feel sick. You block the killer bee's attack.
You block the killer bee's attack.
You feel sick. You block the killer bee's attack.
The worker ant waves its antennae.
The killer bee stings you.
* * * LOW HITPOINT WARNING * * *
The worker ant bites you!
You die...

##).#.......#...##
##.[##.......#####
#..##o......##
##o.##.......#
##..##.o.......#
##o.##..........#
#.o###........#..
##.##.ya........#. ####
##†###.@..........# ...####
##..# #............#
......###).###.............
....).##..###.............
....)....###.............
..[.####..#.......#......
...## ##.........##....
..## ##.......## ##.. ###
#yy....##


You could see a worker ant, a killer bee and 2 orcs.

Vanquished Creatures
  The ghost of galech the Covered, an amateur GrFi (D:4)
  An ice beast (D:5)
  3 sky beasts
  An orc warrior (D:8)
  A centaur (D:6)
  2 ogres
  A big kobold (D:6)
  3 bullfrogs
  3 killer bees (D:8)
  4 wights (D:7)
  3 crimson imps
  2 jellies (D:7)
  3 hounds
  A centaur skeleton (D:8)
  A gnoll shaman (D:8)
  An orc wizard (D:7)
  5 worker ants
  A worker ant zombie (D:7)
  7 gnolls
  8 adders
  An adder skeleton (D:6)
  2 worms
  2 dart slugs (D:1)
  7 leopard geckos
  12 orcs
  A giant cockroach (D:1)
  9 goblins
  7 hobgoblins
  2 jackals (D:1)
  12 kobolds
  5 quokkas
  2 ball pythons
  6 bats
  9 frilled lizards
  10 rats
139 creatures vanquished.

Notes
Turn   | Place    | Note
-------+----------+-------------------------------------------
     0 | D:1      | dynamoDes the Minotaur Fighter began the quest for the Orb.
     0 | D:1      | Reached XP level 1. HP: 19/19 MP: 0/0
   122 | D:1      | Reached skill level 4 in Fighting
   180 | D:1      | Reached XP level 2. HP: 27/27 MP: 1/1
   914 | D:2      | Reached XP level 3. HP: 28/34 MP: 2/2
   983 | D:2      | Found a glowing silver altar of Zin.
   995 | D:2      | Found a snail-covered altar of Cheibriados.
  1114 | D:2      | Found a faded altar of an unknown god.
  1114 | D:2      | Found a faded altar of an unknown god.
  1122 | D:2      | Reached skill level 5 in Fighting
  1202 | D:2      | Found a faded altar of an unknown god.
  1204 | D:2      | Found a faded altar of an unknown god.
  1205 | D:2      | Found an ancient bone altar of Kikubaaqudgha.
  1358 | D:2      | Reached XP level 4. HP: 33/42 MP: 3/3
  1372 | D:2      | Found a shadowy altar of Dithmenos.
  2090 | D:3      | Found a deep blue altar of Sif Muna.
  2537 | D:4      | Reached XP level 5. HP: 44/50 MP: 4/4
  2601 | D:4      | Noticed galech's ghost (amateur GrFi)
  2649 | D:3      | Reached skill level 6 in Fighting
  2649 | D:3      | Reached skill level 5 in Armour
  3212 | D:4      | Killed galech's ghost
  3212 | D:4      | Reached XP level 6. HP: 41/58 MP: 5/5
  3531 | D:5      | Entered Level 5 of the Dungeon
  3581 | D:5      | Noticed a sky beast
  3593 | D:5      | Killed a sky beast
  3593 | D:5      | Reached skill level 7 in Fighting
  3745 | D:5      | Reached XP level 7. HP: 66/66 MP: 6/6
  3828 | D:5      | Reached skill level 5 in Axes
  4279 | D:5      | Reached skill level 8 in Fighting
  4688 | D:6      | Reached XP level 8. HP: 75/77 MP: 7/7
  4736 | D:6      | Reached skill level 9 in Fighting
  4842 | D:6      | Found a staircase to the Ecumenical Temple.
  4848 | Temple   | Entered the Ecumenical Temple
  4861 | Temple   | Became a worshipper of Warmaster Okawaru
  4955 | D:6      | Found a radiant altar of Vehumet.
  5311 | D:7      | Found a basalt altar of Yredelemnul.
  5354 | D:7      | Reached skill level 10 in Fighting
  5471 | D:7      | Found Qixtu's Jewellery Boutique.
  5510 | D:7      | Noticed a hippogriff
  5510 | D:7      | Noticed a manticore
  5510 | D:7      | Noticed a polar bear
  5510 | D:7      | Found a huge runed gate.
  5510 | D:7      | Found a huge runed gate.
  5510 | D:7      | Noticed a hippogriff
  5511 | D:7      | Found a huge runed gate.
  5511 | D:7      | Noticed a manticore
  5512 | D:7      | Noticed a polar bear
  5512 | D:7      | Found a huge runed gate.
  5512 | D:7      | Noticed a polar bear
  5512 | D:7      | Noticed a hippogriff
  5513 | D:7      | Noticed a polar bear
  5948 | D:8      | Found a white marble altar of Elyvilon.
  5973 | D:8      | Reached * piety under Okawaru
  6234 | D:8      | Got a polished leather armour
  6245 | D:8      | Identified the cursed +0 leather armour of the Equator {rPois Str+4 Int+4 Dex+2} (You found it on level 8 of the Dungeon)
  6268 | D:8      | HP: 3/80 [killer bee (6)]
  6696 | D:8      | Reached XP level 9. HP: 63/86 MP: 8/8
  6722 | D:8      | Slain by a worker ant

Skill      XL: |  1  2  3  4  5  6  7  8 |
---------------+-------------------------+-----
Fighting       | 4 5 6 7 8 10 | 10.7
Axes           | 3 4 5 7 |  7.2
Armour         | 4 5 6 8 |  8.1
Shields        | |  3.6

Action                   |  1- 3 |  4- 6 |  7- 9 || total
-------------------------+-------+-------+-------++-------
Melee: War axe           |    97 |   131 |   157 ||   385
       Headbutt          |     9 |    15 |    21 ||    45
Evoke: Wand              |       |     3 |     1 ||     4
  Use: Scroll            |     2 |     6 |     4 ||    12
       Potion            |       |     2 |     3 ||     5
  Eat: Chunk             |     2 |     5 |     4 ||    11
       Bread ration      |       |     1 |     1 ||     2
Armor: Scale mail        |    42 |    77 |    40 ||   159
       Leather armour    |       |       |    14 ||    14
Dodge: Dodged            |    27 |    64 |    53 ||   144
Block: Shield            |    48 |    72 |    95 ||   215
